 Dungeon Crawl Stone Soup version 0.30.0-18-gc0e69614cb (webtiles) character file.

Game seed: 14210933783968823625

4476 sampeng1 the Fighter (level 10, -2/82 HPs)
             Began as a Human Chaos Knight on May 25, 2023.
             Was a Plaything of Xom.
             Slain by an orc priest
             ... wielding a +2 flail of venom
              (4 damage)
             ... on level 9 of the Dungeon.
             The game lasted 00:37:57 (6405 turns).

sampeng1 the Fighter (Human Chaos Knight)           Turns: 6405, Time: 00:37:57

Health: -2/82      AC: 16    Str: 16    XL:     10   Next: 64%
Magic:  19/19      EV:  6    Int: 12    God:    Xom [..*...]
Gold:   290        SH: 10    Dex: 14    Spells: 9/9 levels left

rFire   . . .        t - +3 war axe (drain)
rCold   . . .        o - +1 kite shield
rNeg    . . .        j - +2 plate armour
rPois   .            (no helmet)
rElec   .            i - scarf {+Inv}
rCorr   .            d - +0 pair of gloves
SInv    .            (no boots)
Will    ++...        (no amulet) Stlth
                     q - ring of magical power
HPRegen 1.13/turn    y - ring of willpower
MPRegen 0.16/turn

%: no passive effects
@: lethally poisoned (-2 -> -3), studying Fighting, very slow
A: strong-willed 1, regeneration 1
a: Renounce Religion, Evoke Invisibility


You were on level 9 of the Dungeon.
You worshipped Xom.
You were a toy of Xom.
You visited 1 branch of the dungeon, and saw 9 of its levels.

You collected 400 gold pieces.
You spent 110 gold pieces at shops.

Inventory:

Hand Weapons
 a - a +1 hand axe of chaos
 t - a +3 war axe of draining (weapon)
 B - a +3 battleaxe
Missiles
 e - 8 poisoned darts (quivered)
 C - a throwing net
 E - 6 boomerangs
Armour
 d - a +0 pair of gloves (worn)
 i - a scarf of invisibility (worn)
 j - a +2 plate armour (worn)
 o - a +1 kite shield (worn)
Jewellery
 q - a ring of magical power (left hand)
 x - a ring of protection from fire
 y - a ring of willpower (right hand)
Wands
 f - a wand of polymorph (3)
 l - a wand of charming (3)
 n - a wand of roots (29)
 w - a wand of digging (4)
Scrolls
 b - 5 scrolls of teleportation
 p - a scroll of blinking {unknown}
 r - a scroll of enchant armour
 s - 2 scrolls of identify
Potions
 g - 5 potions of heal wounds
 h - 2 potions of flight
 m - 2 potions of degeneration
 u - a potion of berserk rage {unknown}
 v - a potion of magic
 z - a potion of lignification
Miscellaneous
 c - a piece from Xom's chessboard (14/15)


   Skills:
 + Level 8.6 Fighting
 + Level 7.6 Axes
 + Level 7.2 Armour
 + Level 6.9 Dodging
 + Level 5.1 Shields


You had 9 spell levels left.
You didn't know any spells.
Your spell library contained the following spells:

 Spells                   Type           Power      Damage    Failure   Level
 Freeze                   Ice            0%         1d3       100%        1
 Lesser Beckoning         Tloc           0%         N/A       100%        2
 Frozen Ramparts          Ice            0%         1d1       100%        3
 Gell's Gravitas          Tloc           0%         N/A       100%        3
 Hailstorm                Conj/Ice       0%         3d3       100%        3
 Stone Arrow              Conj/Erth      0%         3d7       100%        3
 Teleport Other           Tloc           0%         N/A       100%        3
 Animate Armour           Summ/Erth      0%         N/A       100%        4
 Lehudib's Crystal Spear  Conj/Erth      0%         10d2      100%        8


Dungeon Overview and Level Annotations

Branches:
Dungeon (9/15)             Temple (0/1) D:5
   Lair: D:8-11         Orc: D:9-12

Altars:
Fedhas
Kikubaaqudgha
Qazlal
Xom

Shops:
D:2 !   D:4 *   D:9 :


Innate Abilities, Weirdness & Mutations

You are strong-willed. (Will+)
Your natural rate of healing is unusually fast.


Message History

You hit the orc priest but do no damage.
The orc priest is almost dead.
You slash something!
Reactivating autopickup.
You feel a bit more experienced.
You feel very sick.
The orc priest splashes around in the water.
The orc warrior splashes around in the water.
The orc priest hits you but does no damage.
You are more poisoned.
You closely miss the orc priest.
The orc priest is almost dead.
You feel very sick. You block the orc warrior's attack.
You block the orc priest's attack.
Your unstable footing causes you to fumble your attack.
You feel sick.
The orc warrior splashes around in the water.
The orc priest splashes around in the water.
You completely miss the orc priest.
The orc priest is almost dead.
You feel very sick. You block the orc warrior's attack.
The orc priest calls down the wrath of Beogh upon you.
You resist with almost no effort.
The orc warrior splashes around in the water.
Your unstable footing causes you to fumble your attack.
You feel sick. The orc priest barely misses you.
The orc warrior hits you but does no damage.
The orc priest hits you but does no damage.
You barely miss the orc priest.
The orc priest is almost dead.
You feel sick.
The orc warrior hits you from afar with a +0 glaive!
* * * LOW HITPOINT WARNING * * *
Xom roars with laughter!
The orc priest barely misses you.
Your unstable footing causes you to fumble your attack.
You feel sick. The orc warrior barely misses you.
The orc priest hits you with a +2 flail of venom.
You die...

##..#............. ∆
....#.#..####...#
#~~.#.#†.####...###..#.
~~~~....................
~~~~~...........# ..#..
~~~~~†...####...##.....∆
∆
~~~~~~~.................
~~~~~~~~......#~##.#....
~~~~~~~~~.....~~@)......
∆
~~~~~~~~.....~~)~o......
~~~~~~~.....~~~~~o~.....
~~~~~~#...#~~~~~~~~~.###
~~~~......~~~~~~~~~~~#
.~~~~~~~~~~~~#
.~~~~~~~~~~~~.
.~~~~~~~~~~~~.


You could see an orc warrior (poisoned) and an orc priest.

Vanquished Creatures
  A hornet (D:7)
  Prince Ribbit (D:7)
  Sigmund (D:4)
  A fire bat (D:4)
  A steam dragon (D:8)
  A vampire mosquito (D:6)
  Menkaure (D:4)
  2 water moccasins
  2 black bears
  2 centaurs
  2 ogres
  2 lemures (D:4)
  2 phantoms
  5 bullfrogs
  3 scorpions (D:5)
  A gnoll sergeant (D:6)
  10 wights
  6 killer bees
  4 electric eels (D:9)
  6 hounds
  4 jellies
  4 orc priests
  4 iguanas
  3 orc wizards
  2 sleepcaps
  8 gnolls (D:6)
  7 adders
  3 white imps
  An ufetubus (D:5)
  A worm (D:3)
  7 dart slugs
  20 orcs
  11 ball pythons
  6 endoplasms
  A giant cockroach (D:4)
  13 hobgoblins
  4 jackals (D:1)
  12 kobolds
  7 quokkas
  6 bats
  5 frilled lizards
  4 goblins
  5 rats
192 creatures vanquished.

Vanquished Creatures (collateral kills)
  A gnoll sergeant (D:6)
  3 gnolls (D:6)
  A shadow imp (D:6)
  An orc (D:6)
6 creatures vanquished.

Grand Total: 198 creatures vanquished

Notes
Turn   | Place    | Note
-------+----------+-------------------------------------------
     0 | D:1      | sampeng1 the Human Chaos Knight began the quest for the
                  | Orb.
     0 | D:1      | Reached XP level 1. HP: 18/18 MP: 1/1
     5 | D:1      | XOM: silly message
    74 | D:1      | Reached XP level 2. HP: 24/24 MP: 2/2
   242 | D:1      | Reached XP level 3. HP: 27/29 MP: 3/3
   549 | D:1      | Found a faded altar of an unknown god.
   635 | D:1      | XOM: silly message
   754 | D:1      | XOM: silly message
   780 | D:1      | XOM: silly message
   945 | D:2      | Found Wajichyd's Distillery.
  1038 | D:2      | Reached XP level 4. HP: 23/35 MP: 4/4
  1619 | D:2      | Bought a potion of mutation for 80 gold pieces
  1619 | D:2      | Bought a potion of curing for 30 gold pieces
  1619 | D:2      | Gained mutation: Your flesh is cold resistant. (rC+)
                  | [potion of mutation]
  1619 | D:2      | Gained mutation: Armour fits poorly on your strangely
                  | shaped body. [potion of mutation]
  1621 | D:2      | XOM: god gift: 3 scrolls labelled OPIGHE BEIFO {god gift}
  1646 | D:2      | XOM: torment (19/35 hp)
  1891 | D:3      | Reached XP level 5. HP: 41/41 MP: 5/5
  1976 | D:3      | XOM: 6-stop teleportation journey
  2005 | D:3      | XOM: 1-stop teleportation journey
  2111 | D:3      | XOM: cloud trail
  2138 | D:3      | Lost mutation: Armour fits poorly on your strangely shaped
                  | body. [potion of mutation]
  2138 | D:3      | Lost mutation: Your flesh is cold resistant. (rC+) [potion
                  | of mutation]
  2138 | D:3      | Gained mutation: Your natural rate of healing is unusually
                  | fast. [potion of mutation]
  2138 | D:3      | Gained mutation: You are strong-willed. (Will+) [potion of
                  | mutation]
  2171 | D:3      | XOM: god gift: potion of curing
  2317 | D:4      | Found a blossoming altar of Fedhas.
  2317 | D:4      | Found a stormy altar of Qazlal.
  2317 | D:4      | XOM: god gift: lumpy yellow potion {god gift}
  2323 | D:4      | Found an ancient bone altar of Kikubaaqudgha.
  2383 | D:4      | Found Kaguom's General Store.
  2432 | D:4      | Noticed Sigmund
  2452 | D:4      | Killed Sigmund
  2453 | D:4      | Reached skill level 4 in Fighting
  2453 | D:4      | Reached XP level 6. HP: 19/49 MP: 6/6
  2493 | D:4      | Noticed Pikel
  2494 | D:4      | XOM: enchant monster (good)
  2497 | D:4      | XOM: confuse monster(s)
  2499 | D:4      | Pikel changed into Pikel the fire bat
  2499 | D:4      | Noticed Pikel
  2499 | D:4      | XOM: polymorph Pikel -> Pikel the fire bat
  2508 | D:4      | Killed Pikel the fire bat
  2509 | D:4      | Reached XP level 7. HP: 32/55 MP: 7/7
  2609 | D:4      | XOM: polymorph scorpion -> killer bee
  2801 | D:4      | XOM: confuse monster(s)
  2801 | D:4      | Noticed Menkaure
  2802 | D:4      | XOM: cast spell 'Cause Fear'
  2811 | D:4      | XOM: butterfly on damage
  2813 | D:4      | XOM: butterfly on damage
  2816 | D:4      | Killed Menkaure
  2817 | D:4      | Reached skill level 5 in Fighting
  2817 | D:4      | Reached skill level 5 in Axes
  2817 | D:4      | Reached XP level 8. HP: 16/62 MP: 8/8
  2946 | D:5      | Entered Level 5 of the Dungeon
  3068 | D:5      | XOM: divination: detect items
  3080 | D:5      | Reached skill level 5 in Armour
  3080 | D:5      | Reached skill level 1 in Shields
  3173 | D:5      | XOM: noise
  3221 | D:5      | XOM: divination: detect items
  3425 | D:5      | XOM: noise
  3448 | D:5      | XOM: silly message
  3670 | D:5      | Found a staircase to the Ecumenical Temple.
  3673 | D:5      | XOM: cloud trail
  3775 | D:6      | XOM: divination: detect items
  3780 | D:6      | Reached skill level 5 in Dodging
  3780 | D:6      | Reached XP level 9. HP: 69/69 MP: 9/9
  3829 | D:6      | Reached skill level 6 in Fighting
  3834 | D:6      | XOM: enchant monster (bad)
  3936 | D:6      | XOM: confusion
  4077 | D:6      | XOM: scenery: create altars
  4131 | D:6      | XOM: summons 9 friendly demons
  4174 | D:6      | XOM: cloud trail
  4245 | D:6      | XOM: torment (37/71 hp)
  4458 | D:7      | Reached skill level 7 in Fighting
  4511 | D:7      | XOM: stat loss: -1 Str (15/16)
  4563 | D:7      | XOM: noise
  4608 | D:7      | Noticed Prince Ribbit
  4612 | D:7      | XOM: swap monsters
  4624 | D:7      | Killed Prince Ribbit
  4625 | D:7      | Reached XP level 10. HP: 52/79 MP: 10/10
  4707 | D:7      | XOM: noise
  4815 | D:7      | XOM: confusion (+ monsters)
  4819 | D:7      | XOM: enchant monster (bad)
  4866 | D:7      | XOM: 2-stop teleportation journey
  5111 | D:7      | XOM: polymorph iguana -> rat
  5161 | D:7      | Paralysed by a hornet for 3 turns
  5430 | D:8      | Reached skill level 8 in Fighting
  5489 | D:8      | XOM: 2-stop teleportation journey
  5640 | D:8      | Reached skill level 5 in Shields
  6211 | D:9      | XOM: confuse monster(s)
  6268 | D:9      | Found Xiymosk's Book Shoppe.
  6387 | D:9      | XOM: confuse monster(s)
  6388 | D:9      | XOM: divination: detect items
  6404 | D:9      | HP: 1/82 [orc warrior/+0 glaive (10)]
  6405 | D:9      | Slain by an orc priest

Illustrated notes

Levels and vault maps discovered:
D:1:      grunt_arrival_lava_bath, layout_basic, serial_glass, glass_columns_b,
          glass_columns_c, nicolae_ecumenical_snake_handling,
          amcnicky_mini_pool_small, nicolae_titane
D:2:      wad_pebble_path, layout_rooms, serial_shops, shop,
          grunt_ministairs_10, dk_noncrumbling_2
D:3:      layout_rooms, serial_park_tiny_2
D:4:      layout_rooms, chequers_temple_overflow_statue_of_worship,
          serial_shops, kennysheep_mini, uniq_menkaure, uniq_sigmund, uniq_pikel
D:5:      layout_loops_cross, minmay_temple_entry_nine_rooms,
          minmay_statues_item, kennysheep_small_square
D:6:      layout_cave_pools, minmay_manual_monolith
D:7:      layout_basic, minmay_misc_feat_x, uniq_prince_ribbit1
D:8:      layout_basic
D:9:      layout_basic, serial_shops, shop, uniq_maggie

Skill      XL: |  1  2  3  4  5  6  7  8  9 10 |
---------------+-------------------------------+-----
Dodging        | 2 3 4 5 6 |  6.9
Armour         | 3 4 5 6 7 |  7.2
Axes           | 4 5 6 7 |  7.6
Fighting       | 4 5 7 8 |  8.6
Shields        | 2 4 5 |  5.1

Action                     |  1- 3 |  4- 6 |  7- 9 | 10-12 || total
---------------------------+-------+-------+-------+-------++-------
  Melee: Hand axe          |   113 |   150 |    73 |       ||   336
         Punch             |     3 |     1 |       |       ||     4
         War axe           |       |       |   193 |   136 ||   329
  Throw: Dart              |       |       |     3 |       ||     3
  Evoke: Piece from Xom's  |     4 |     1 |     3 |     4 ||    12
    Use: Scroll            |     3 |     4 |     5 |     4 ||    16
         Potion            |     1 |     5 |     4 |     2 ||    12
   Stab: Sleeping          |     1 |     1 |       |       ||     2
         Paralysed         |       |     3 |       |       ||     3
         Confused          |       |       |     1 |       ||     1
         Petrified         |       |       |     1 |       ||     1
 Armour: Leather armour    |    35 |    13 |       |       ||    48
         Plate armour      |       |    94 |   218 |   128 ||   440
  Dodge: Dodged            |    83 |    35 |    51 |    48 ||   217
  Block: Kite shield       |       |    25 |   165 |   114 ||   304
